Map: [ESL] Hard Lead

Players

gumiho - Winner!

  • Race: Terran Terran
  • Spawn Location: 5:00

LiquidElazer (Elazer)

  • Race: Zerg Zerg
  • League: Master
  • Spawn Location: 11:00

Event: IEM Katowice 2024

VOD

Have the link to the VOD?

Description

Time

  • Played on: Dec. 8, 2023, 12:22 p.m.
  • Length: 13:33

All games in this series

Show
View Real Time Build Order
Export as new Build Order

gumiho Terran - Winner!

Build Orders: Gas First Reaper Expand, Hellion Banshee 

Get SALT Encoding   

  12  0:00  SCV  
  13  0:12  SCV  
  14  0:17  Supply Depot  
  14  0:24  SCV  
  15  0:29  Refinery  
  15  0:39  SCV  
  16  0:44  Barracks  
  16  0:51  SCV  
  17  1:03  SCV  
  18  1:15  SCV  
  19  1:31  Orbital Command, Reaper  
  20  1:41  Command Center  
  20  1:52  Factory  
  20  1:57  SCV  
  21  2:05  Supply Depot  
  21  2:07  Barracks Reactor  
  21  2:09  SCV  
  21  2:13  Refinery  
  22  2:21  SCV  
  23  2:33  SCV  
  24  2:45  SCV  
  24  2:48  Hellion x2  
  24  2:50  Reaper  
  30  2:54  Orbital Command  
  30  2:57  SCV  
  30  2:58  Armory  
  31  3:09  SCV  
  31  3:10  Hellion x2  
  36  3:16  Starport  
  36  3:22  Reaper  
  36  3:26  Supply Depot  
  37  3:27  SCV  
  37  3:31  SCV  
  39  3:38  Hellion x2  
  43  3:44  SCV x2  
  45  3:50  Supply Depot  
  45  3:53  Starport Tech Lab  
  45  3:56  SCV x2  
  45  3:59  Hellion  
  45  4:00  Hellion  
  51  4:08  SCV x2  
  49  4:20  SCV  
  49  4:21  SCV  
  49  4:22  Hellion x2  
  53  4:29  Banshee  
  54  4:33  SCV x2  
  55  4:45  SCV x2  
  51  4:46  Hellion x2  
  51  4:47  Cloaking Field  
  55  4:57  Command Center  
  55  4:59  SCV  
  57  5:00  SCV  
  57  5:04  Supply Depot  
  57  5:10  Factory  
  57  5:12  Raven, SCV  
  60  5:16  Hellion x4  
  60  5:19  Hellion  
  62  5:26  Hellion, SCV x2  
  62  5:27  Refinery  
  62  5:28  Refinery  
  62  5:36  Supply Depot  
  62  5:38  SCV x2  
  62  5:41  Hellion  
  66  5:45  Factory  
  66  5:47  Factory  
  66  5:48  Hellion  
  68  5:57  SCV  
  68  5:58  SCV  
  68  5:59  Terran Vehicle Weapons Level 1  
  72  6:04  Supply Depot  
  72  6:05  Supply Depot  
  72  6:08  Cyclone  
  72  6:09  Cyclone  
  72  6:10  SCV x2  
  76  6:15  Factory Tech Lab  
  76  6:18  Banshee  
  76  6:22  SCV x2, Refinery  
  81  6:28  Supply Depot  
  81  6:30  Hyperflight Rotors  
  81  6:34  SCV x2  
  81  6:36  Orbital Command  
  81  6:39  Factory Reactor  
  83  6:40  Factory Tech Lab  
  83  6:42  Hurricane Engines  
  83  6:46  SCV x2  
  85  6:58  SCV x2  
  87  7:03  Cyclone x3  
  87  7:04  Cyclone  
  87  7:05  SCV  
  96  7:10  SCV x2  
  96  7:12  Banshee  
  99  7:18  Hellion  
  99  7:19  Hellion  
  99  7:20  SCV  
  99  7:22  SCV  
  97  7:23  SCV  
  97  7:27  Command Center  
  98  7:30  Infernal Pre-Igniter  
  98  7:31  Refinery  
  98  7:32  SCV  
  98  7:36  Hellion x3  
  105  7:39  Hellion  
  105  7:40  Hellion x2  
  105  7:43  Supply Depot  
  105  7:44  SCV x2  
  113  7:47  Supply Depot  
  113  7:54  Factory  
  113  7:55  Factory  
  113  7:56  Factory  
  113  7:57  Hellion x2  
  117  8:04  Terran Vehicle Weapons Level 2  
  117  8:05  Banshee, SCV x3  
  123  8:07  Hellion  
  123  8:09  Hellion x2  
  129  8:24  Cyclone x2  
  132  8:29  Cyclone x2  
  132  8:32  Supply Depot x2  
  132  8:33  Supply Depot  
  132  8:34  SCV x2  
  138  8:36  Armory  
  136  8:53  Cyclone x2  
  124  8:59  Cyclone x2  
  124  9:01  Hellion  
  124  9:02  Hellion  
  115  9:03  Cyclone  
  115  9:04  Cyclone  
  115  9:06  SCV x3  
  114  9:11  Banshee  
  117  9:18  SCV x3  
  117  9:23  Hellion  
  124  9:25  Hellion  
  124  9:28  Factory Tech Lab x2  
  124  9:30  Factory Reactor  
  123  9:31  SCV x3  
  123  9:36  Orbital Command  
  123  9:38  Cyclone x4  
  133  9:39  Engineering Bay  
  133  9:44  Cyclone, Supply Depot  
  135  9:46  Cyclone, SCV x3  
  135  9:48  Supply Depot  
  135  9:49  Terran Vehicle And Ship Armor Level 1  
  142  9:52  Cyclone  
  142  9:53  Cyclone  
  142  9:54  Banshee  
  147  10:10  Cyclone x4  
  147  10:13  Hellion x2  
  159  10:17  Hellion, Refinery  
  159  10:18  Refinery  
  159  10:19  Hellion  
  159  10:21  Sensor Tower  
  162  10:22  Sensor Tower  
  162  10:25  Siege Tank  
  167  10:35  Cyclone  
  167  10:36  Cyclone x2  
  167  10:38  Cyclone  
  167  10:40  Cyclone  
  167  10:42  Hellion, Cyclone x3  
  185  10:57  Hellion  
  185  11:04  Banshee, Cyclone  
  179  11:07  Cyclone  
  179  11:08  Hellion, Cyclone  
  179  11:10  Hellion  
  190  11:12  Hellion  
  190  11:14  Hellion  
  190  11:17  Cyclone  
  190  11:18  Siege Tank  
  185  11:22  Cyclone  
  179  11:29  Cyclone  
  179  11:31  Hellion  
  177  11:34  Hellion  
  177  11:35  Command Center  
  177  11:36  Siege Tank, Command Center, Hellion  
  178  11:40  Siege Tank, Hellion  
  177  11:49  Hellion  
  177  11:50  Siege Tank  
  177  11:53  Siege Tank  
  177  11:54  Cyclone  
  177  11:55  Cyclone  
  177  11:57  Banshee, Cyclone  
  188  12:01  Hellion x2  
  190  12:11  Smart Servos  
  176  12:27  Siege Tank x3  
  159  12:30  Siege Tank, Hellion x2  
  160  12:38  Hellion  
  160  12:39  Hellion x2  
  160  12:41  Hellion  
  162  12:52  Hellion x2  
  162  12:59  Siege Tank x3  
  162  13:00  Hellion x2  
  170  13:08  Hellion  
  170  13:09  Hellion  
Show
View Real Time Build Order
Export as new Build Order

LiquidElazer Zerg 

Build Orders: Hatch First 

Get SALT Encoding   

  12  0:00  Drone  
  13  0:12  Overlord  
  13  0:16  Drone  
  14  0:30  Drone x2  
  16  0:47  Hatchery  
  15  0:51  Drone  
  15  0:54  Drone  
  17  0:57  Drone  
  18  1:08  Extractor  
  17  1:12  Spawning Pool  
  17  1:15  Drone  
  17  1:19  Drone  
  18  1:27  Drone  
  19  1:38  Drone  
  20  1:48  Drone  
  21  1:59  Queen x2  
  21  2:00  Zergling x4  
  27  2:11  Drone, Metabolic Boost  
  27  2:12  Overlord  
  28  2:31  Hatchery  
  28  2:32  Drone x2  
  28  2:34  Drone  
  30  2:41  Queen  
  32  2:45  Drone  
  32  2:48  Overlord  
  33  2:51  Drone  
  33  2:53  Drone  
  33  2:56  Drone  
  36  3:04  Overlord  
  36  3:07  Drone x3  
  36  3:09  Drone  
  40  3:15  Queen  
  40  3:19  Queen  
  44  3:27  Drone x2  
  44  3:28  Zergling x2  
  44  3:29  Zergling x2  
  48  3:42  Queen  
  48  3:44  Drone, Overlord  
  48  3:45  Drone  
  52  3:52  Zergling x12  
  58  4:03  Queen x2  
  58  4:04  Overlord  
  54  4:17  Zergling x2  
  54  4:18  Zergling x10  
  54  4:36  Drone x7  
  58  4:43  Drone  
  58  4:44  Queen x2  
  60  4:49  Drone x2  
  60  4:50  Queen  
  64  4:56  Overlord  
  64  4:57  Drone  
  64  4:58  Drone  
  66  5:03  Drone  
  67  5:12  Drone x3  
  70  5:17  Drone x9  
  77  5:23  Queen x2  
  81  5:29  Overlord  
  81  5:34  Spore Crawler  
  81  5:35  Spore Crawler  
  77  5:36  Spore Crawler  
  77  5:39  Overlord  
  77  5:40  Drone x4  
  72  5:59  Zergling x12  
  72  6:01  Lair  
  78  6:07  Drone  
  78  6:08  Drone x2  
  81  6:14  Drone x3  
  81  6:15  Drone, Hatchery  
  84  6:19  Drone x2, Roach Warren  
  84  6:20  Extractor  
  84  6:27  Extractor x2  
  84  6:28  Drone  
  84  6:31  Zergling x4  
  84  6:32  Zergling x6  
  87  6:40  Zergling x6  
  87  6:41  Zergling x6  
  87  6:42  Overlord  
  87  6:46  Overlord  
  92  6:49  Overlord  
  92  6:52  Drone x2  
  92  6:53  Drone  
  95  6:54  Extractor x2  
  95  7:00  Drone x3  
  96  7:05  Drone x3  
  96  7:16  Drone x5  
  96  7:19  Drone x2  
  96  7:21  Glial Reconstitution  
  102  7:25  Evolution Chamber  
  102  7:26  Overlord, Evolution Chamber  
  102  7:29  Roach x7  
  114  7:30  Overseer  
  114  7:36  Roach  
  116  7:37  Hatchery  
  116  7:39  Baneling Nest, Overlord  
  114  7:44  Roach x2  
  118  7:54  Spore Crawler  
  118  7:56  Overlord  
  115  8:00  Drone x13  
  127  8:07  Overlord  
  127  8:08  Drone x4  
  127  8:11  Infestation Pit  
  124  8:24  Zerg Melee Weapons Level 1, Extractor, Zerg Missile Weapons Level 1  
  124  8:25  Extractor, Centrifugal Hooks  
  124  8:26  Roach x10  
  138  8:29  Hatchery  
  138  8:31  Roach  
  138  8:32  Roach x3  
  145  8:43  Roach x3  
  149  8:51  Overseer  
  119  9:03  Roach x5  
  119  9:09  Hive  
  123  9:14  Drone x3  
  123  9:15  Drone  
  127  9:17  Spore Crawler, Overlord  
  127  9:18  Drone x2  
  127  9:19  Overlord x2  
  127  9:20  Overlord  
  128  9:33  Spore Crawler  
  128  9:36  Drone  
  128  9:38  Drone  
  129  9:39  Zergling x26  
  129  9:40  Ravager x6  
  129  9:41  Ravager  
  129  9:43  Hatchery  
  129  9:45  Spore Crawler  
  146  9:48  Zergling x14  
  146  9:52  Drone x2  
  155  9:59  Drone x2  
  157  10:07  Overseer, Overlord  
  157  10:09  Overlord  
  157  10:10  Zergling x2  
  157  10:11  Overlord  
  157  10:13  Overlord x3  
  158  10:17  Hatchery  
  158  10:20  Ravager  
  158  10:24  Pneumatized Carapace, Zerg Melee Weapons Level 2, Zerg Missile Weapons Level 2  
  158  10:26  Drone x8  
  166  10:29  Drone  
  166  10:30  Drone x2  
  165  10:39  Zergling x16  
  165  10:42  Baneling x12  
  173  10:44  Swarm Host  
  173  10:46  Viper x4  
  188  10:51  Drone x2  
  188  10:53  Spore Crawler  
  188  10:54  Spore Crawler  
  183  10:58  Zergling x8  
  183  10:59  Zergling x8  
  183  11:06  Zergling x4  
  183  11:09  Baneling x11  
  185  11:16  Zergling x30  
  188  11:20  Zergling x4  
  173  11:29  Roach x6  
  171  11:36  Roach x5  
  161  11:47  Roach  
  161  11:48  Roach x9  
  161  11:51  Roach, Queen x2  
  179  11:54  Roach  
  179  11:57  Ravager x3  
  179  11:58  Adrenal Glands  
  183  12:03  Zergling x8  
  183  12:05  Overlord x2  
  187  12:09  Baneling x8  
  179  12:20  Zergling x24  
  144  12:30  Zergling x8  
  144  12:35  Queen x2  
  142  12:38  Roach x3  
  142  12:41  Roach x2  
  149  12:48  Roach x4  
  149  12:49  Ravager x3  
  159  12:54  Drone x5  
  160  13:02  Roach x4  
  146  13:14  Roach x8  

Tags
 
Add a new tag
Caveats
  • Supply blocks, unpowered buildings, or Contaminate may cause inaccurate times.
  • Supply counts are checked every 10 seconds.